 Dungeon Crawl Stone Soup version 0.29-a0-620-g13ace881f2 (webtiles) character file.

Game seed: 8772527770696507865

11860 mandarbmax the Fighter (level 11, -1/124 HPs)
             Began as an Ogre Transmuter on June 19, 2022.
             Was a Priest of Kikubaaqudgha.
             Slain by a minotaur
             ... wielding a +4 scythe of flaming
              (11 damage)
             ... in a Gauntlet.
             The game lasted 00:34:18 (15139 turns).

mandarbmax the Fighter (Ogre Transmuter)           Turns: 15139, Time: 00:34:19

Health: -1/124     AC:  2    Str: 22    XL:     11   Next: 84%
Magic:  11/15      EV: 22    Int: 28    God:    Kikubaaqudgha [***...]
Gold:   609        SH:  0    Dex: 16    Spells: 2/16 levels left

rFire   . . .      SeeInvis .     - Unarmed
rCold   + . .      Faith    +   (shield currently unavailable)
rNeg    . . .      Spirit   .   (body armour currently unavailable)
rPois   x          Reflect  .   (helmet currently unavailable)
rElec   .          Harm     .   (cloak currently unavailable)
rCorr   .          Rampage  .   (gloves unavailable)
Will    .....      Rage     1%  (boots unavailable)
Stlth   +......... NoTele   +   D - amulet of Xitudd {Faith rC+ Will- Int+4 Dex+2}
HPRegen 0.30/turn               y - +6 ring of intelligence
MPRegen 0.14/turn               v - +6 ring of strength

@: spider-form, wereblooded, attractive, flying
A: venomous fangs, tiny, unfitting armour, (tough skin 1), berserk 1
a: End Transformation, Renounce Religion, Unearth Wretches


You were in a Gauntlet.
You worshipped Kikubaaqudgha.
Kikubaaqudgha was most pleased with you.
You were a venomous arachnid creature.
You visited 2 branches of the dungeon, and saw 12 of its levels.
You also visited: Sewer and Gauntlet.

You collected 609 gold pieces.

Inventory:

Armour
 c - a scarf of resistance (melded)
 e - a +1 troll leather armour {Pargi}
 t - a +2 robe of the Archmagi (melded)
 F - a scarf of repulsion
 G - the +2 cloak "Kytulam" {Harm rC+}
   (You found it in a Gauntlet)

   rC:        It protects you from cold.
   Harm:      It increases damage dealt and taken.
Magical Staves
 i - a staff of earth
 w - a staff of fire
Jewellery
 a - a ring of ice
 l - the amulet "Ygedoopp" {RegenMP Fly rPois Str-5}
   (You found it on level 10 of the Dungeon)

   [amulet of magic regeneration]

   It increases your rate of magic regeneration.
   Str:       It affects your strength (-5).
   rPois:     It protects you from poison.
   Fly:       It grants you flight.
 u - a ring of positive energy
 v - a +6 ring of strength (right front leg)
 y - a +6 ring of intelligence (left front leg)
 C - a ring of protection from fire
 D - the amulet of Xitudd (around neck) {Faith rC+ Will- Int+4 Dex+2}
   (You found it in a Gauntlet)

   [amulet of faith]

   It allows you to gain divine favour quickly.
   Int:       It affects your intelligence (+4).
   Dex:       It affects your dexterity (+2).
   rC:        It protects you from cold.
   Will:      It decreases your willpower.
Wands
 o - a wand of flame (11)
Scrolls
 d - a scroll of enchant armour
 g - 4 scrolls of teleportation
 j - 3 scrolls of blinking
 k - a scroll of enchant weapon
 m - a scroll of silence
 n - 2 scrolls of amnesia
 p - 2 scrolls of poison
 q - a scroll of fog
 x - a scroll of vulnerability
Potions
 b - 3 potions of lignification
 f - 2 potions of mutation
 h - 5 potions of heal wounds
 r - 2 potions of cancellation
 s - a potion of flight
 B - a potion of brilliance
Miscellaneous
 z - a box of beasts (inert)
 E - a tin of tremorstones (2/2)


   Skills:
 + Level 12.5 Fighting
 - Level 5.0 Dodging
 - Level 10.0 Unarmed Combat
 - Level 3.0 Spellcasting
 - Level 6.0 Necromancy
 - Level 6.0 Transmutations
 * Level 4.7 Evocations


You had 2 spell levels left.
You knew the following spells:

 Your Spells              Type           Power      Damage    Failure   Level
a - Beastly Appendage     Tmut           74%        N/A       4%          1
b - Wereblood             Tmut           37%        N/A       5%          2
c - Spider Form           Tmut/Pois      21%        N/A       19%         3
d - Animate Dead          Necr           37%        N/A       19%         4
e - Ice Form              Ice/Tmut       21%        N/A       45%         4

Your spell library contained the following spells:

 Spells                   Type           Power      Damage    Failure   Level
 Necrotize                Necr           100%       1d9       4%          1
 Passwall                 Tmut/Erth      17%        N/A       12%         2
 Freeze                   Ice            16%        1d4       22%         1
 Ensorcelled Hibernation  Hex/Ice        8%         N/A       28%         2
 Poisonous Vapours        Pois/Air       8%         N/A       28%         2
 Vampiric Draining        Necr           37%        2d8       8%          3
 Dispel Undead            Necr           37%        3d15      19%         4
 Agony                    Necr           37%        N/A       38%         5
 Frozen Ramparts          Ice            8%         1d2       45%         3
 Swiftness                Air            4%         N/A       45%         3
 Anguish                  Hex/Necr       10%        N/A       45%         4
 Corpse Rot               Necr/Pois/Air  15%        N/A       56%         4
 Borgnjor's Vile Clutch   Necr/Erth      10%        N/A       75%         5
 Hailstorm                Conj/Ice       4%         3d4       82%         4
 Death Channel            Necr           18%        N/A       87%         6


Dungeon Overview and Level Annotations

Branches:
Dungeon (11/15)            Temple (1/1) D:4            Lair (0/6) D:10
    Orc (0/2) D:11          Sewer (visited)         Gauntlet (1/1)

Altars:
Ashenzari
Cheibriados
Dithmenos
Elyvilon
Fedhas
Gozag
Hepliaklqana
Kikubaaqudgha
Makhleb
Nemelex Xobeh
Okawaru
Qazlal
Ru
Sif Muna
Trog
Uskayaw
Vehumet
Wu Jian
Xom
Yredelemnul
Zin
The Shining One

Annotations:
Gauntlet 8 transporters, 4 runed translucent doors, exclusion: 2 lightning spires


Innate Abilities, Weirdness & Mutations

You are a venomous arachnid creature.
You have poisonous fangs.
You are tiny and dextrous.
Your spellcasting is less reliable in this form.
Your armour is entirely melded.
You are incapable of wielding weapons or throwing items.
You are too large for most types of armour.
((You have tough skin. (AC +1)))
You tend to lose your temper in combat.


Message History

Unknown command.
Okay, then.
Okay, then.
Okay, then.
It was a potion of flight.
You feel very buoyant.
You fly up into the air.
Your hornet zombie hits the minotaur.
The minotaur hits your hornet zombie with a +4 scythe of flaming!!!
The minotaur burns your hornet zombie.
Your hornet zombie is destroyed!
The minotaur is attracted toward you.
You hit the minotaur but do no damage.
The minotaur is poisoned.
The minotaur is lightly wounded.
Your hornet zombie closely misses the minotaur.
The minotaur completely misses you. The minotaur gores you!
Unknown command.
Unknown command.
You bite the minotaur!
The minotaur is lightly wounded.
Your hornet zombie hits the minotaur but does no damage.
The minotaur misses you. The minotaur gores you!
Unknown command.
You hit the minotaur.
The minotaur looks as sick as possible!
The minotaur is lightly wounded.
Your hornet zombie hits the minotaur.
The minotaur hits you with a +4 scythe of flaming.
The minotaur burns you. The minotaur completely misses you.
Unknown command.
You bite the minotaur!
The minotaur is moderately wounded.
Your hornet zombie barely misses the minotaur.
Unknown command.
You hit the minotaur but do no damage.
The minotaur is heavily wounded.
Your hornet zombie barely misses the minotaur.
The minotaur hits you with a +4 scythe of flaming!!!
* * * LOW HITPOINT WARNING * * *
The minotaur burns you!
You die...
Kikubaaqudgha rasps: "You have failed me!
Welcome... death!"

##.P.≈≈# # #
.#...≈##...### ###
.#.P.###.♣.##....#
}#.♣..##......##.#
©#.PP..#.♣.##.##..
.#..P♣.#...##....# ##..
.#.....#.©....##.##....#
.#.....#...##.##....#
##.....#.©.##...s#
....∩..#......##.HZ..∩#
##.....#.©.##.##.######
w#.....#...##....#
[#.....#.©....##.#
.#...♣.#...##.##...
©#.....#.♣.##....##.
?#.♣..##......##.#
?#...###.♣.##.#


You could see a minotaur (extremely poisoned, ally target) and a friendly hornet
zombie.

Vanquished Creatures
  A blizzard demon (Gauntlet)
  2 two-headed ogres (D:9)
  Pikel (D:4)
  An ice devil (Gauntlet)
  3 kobold demonologists (D:9)
  3 trolls (D:10)
  Grinder (D:6)
  2 hornets (Gauntlet)
  4 yaks (D:10)
  4 wyverns
  A steam dragon (D:9)
  3 chaos spawn (Gauntlet)
  A neqoxec (Gauntlet)
  Duvessa (D:7)
  3 water moccasins
  A black bear (D:10)
  Pargi (Sewer)
  3 orc warriors
  4 ogres
  3 sky beasts
  4 centaurs
  A phantom (D:5)
  A lemure (D:4)
  A kobold brigand (D:8)
  A necrophage (D:5)
  A scorpion (D:10)
  5 bullfrogs
  9 wights
  Dowan (D:7)
  6 killer bees (D:9)
  3 howler monkeys
  3 electric eels
  An orc priest (D:8)
  6 hounds
  A jelly (D:7)
  8 iguanas
  5 orc wizards
  8 gnolls
  5 adders
  A shadow imp (D:5)
  5 white imps
  An ufetubus (D:6)
  A worm (D:2)
  3 dart slugs
  17 orcs
  4 bats
  6 endoplasms
  4 giant cockroaches
  4 goblins
  6 hobgoblins
  4 quokkas
  10 ball pythons
  13 frilled lizards
  15 kobolds
  14 rats
221 creatures vanquished.

Vanquished Creatures (collateral kills)
  A two-headed ogre (D:10)
  A hornet (Gauntlet)
  A shadow (D:10)
  A yak (D:9)
  A black bear (D:10)
  3 wights (D:8)
  2 orcs (D:7)
  A kobold (D:8)
11 creatures vanquished.

Vanquished Creatures (others)
  2 hornet zombies (Gauntlet)
  A water moccasin zombie (D:10)
  A yak zombie (D:10)
  A bullfrog zombie (D:10)
  A centaur zombie (D:9)
  A black bear zombie (D:10)
  A scorpion zombie (D:10)
  A killer bee zombie (D:9)
  6 kobold zombies
  3 orc zombies
  15 fungi (D:10)
  17 plants
  5 toadstools (D:3)
55 creatures vanquished.

Grand Total: 287 creatures vanquished

Notes
Turn   | Place    | Note
-------+----------+-------------------------------------------
     0 | D:1      | mandarbmax the Ogre Transmuter began the quest for the Orb.
     0 | D:1      | Reached XP level 1. HP: 19/19 MP: 3/3
   370 | D:1      | Reached XP level 2. HP: 19/28 MP: 2/5
  1061 | D:1      | Reached skill level 2 in Fighting
  1088 | D:1      | Found a faded altar of an unknown god.
  1454 | D:2      | Learned a level 2 spell: Wereblood
  1655 | D:2      | Reached XP level 3. HP: 8/36 MP: 4/7
  1981 | D:2      | Found a shimmering blue altar of Sif Muna.
  2358 | D:2      | Reached XP level 4. HP: 44/44 MP: 8/8
  2395 | D:2      | Reached skill level 3 in Fighting
  2757 | D:3      | Learned a level 3 spell: Spider Form
  2846 | D:3      | Found a glowing drain.
  2862 | Sewer    | Entered a sewer
  2948 | Sewer    | Noticed Pargi
  2963 | Sewer    | Killed Pargi
  2964 | Sewer    | Reached skill level 4 in Fighting
  2964 | Sewer    | Reached XP level 5. HP: 40/55 MP: 6/9
  3323 | D:3      | Identified the +0 plate armour of Happiness {-Cast rElec
                  | Stlth+}
  3999 | D:4      | Found a staircase to the Ecumenical Temple.
  4008 | Temple   | Entered the Ecumenical Temple
  4286 | Temple   | Became a worshipper of Kikubaaqudgha
  4327 | D:4      | Reached skill level 5 in Fighting
  4327 | D:4      | Reached XP level 6. HP: 26/66 MP: 6/10
  4783 | D:4      | Noticed Pikel
  4795 | D:4      | Killed Pikel
  4796 | D:4      | Reached skill level 6 in Fighting
  4796 | D:4      | Reached XP level 7. HP: 71/76 MP: 4/11
  5526 | D:5      | Entered Level 5 of the Dungeon
  5545 | D:5      | Reached skill level 7 in Fighting
  5545 | D:5      | Reached skill level 5 in Unarmed Combat
  5598 | D:5      | Reached * piety under Kikubaaqudgha
  5598 | D:5      | Received a gift from Kikubaaqudgha
  5716 | D:5      | Reached XP level 8. HP: 82/87 MP: 4/12
  5833 | D:5      | Reached skill level 1 in Necromancy
  6859 | D:6      | Reached skill level 8 in Fighting
  6907 | D:6      | Learned a level 4 spell: Animate Dead
  6925 | D:6      | Found a glowing silver altar of Zin.
  7441 | D:6      | Reached XP level 9. HP: 64/97 MP: 7/13
  7502 | D:6      | Noticed Grinder
  7515 | D:6      | Killed Grinder
  7516 | D:6      | Reached skill level 9 in Fighting
  7516 | D:6      | Reached skill level 5 in Transmutations
  7687 | D:7      | Reached ** piety under Kikubaaqudgha
  8413 | D:7      | Noticed Duvessa
  8413 | D:7      | Noticed Dowan
  8428 | D:7      | Killed Duvessa
  8430 | D:7      | Killed Dowan
  8915 | D:8      | Reached skill level 10 in Fighting
  9342 | D:8      | Reached XP level 10. HP: 95/96 MP: 8/14
  9817 | D:8      | Reached skill level 5 in Dodging
 10612 | D:9      | Noticed a kobold demonologist
 10617 | D:9      | Noticed a kobold demonologist
 10620 | D:9      | Noticed a smoke demon
 10621 | D:9      | Killed a kobold demonologist
 10633 | D:9      | Killed a kobold demonologist
 11054 | D:9      | Reached skill level 11 in Fighting
 11087 | D:9      | Reached *** piety under Kikubaaqudgha
 11087 | D:9      | Received a gift from Kikubaaqudgha
 11358 | D:9      | Noticed a kobold demonologist
 11366 | D:9      | Noticed a sun demon
 11369 | D:9      | Gained mutation: You tend to lose your temper in combat. [a
                  | neqoxec]
 11375 | D:9      | Killed a kobold demonologist
 11376 | D:9      | Reached skill level 1 in Evocations
 11713 | D:9      | Learned a level 4 spell: Ice Form
 12104 | D:9      | Noticed a two-headed ogre
 12107 | D:9      | Noticed a two-headed ogre
 12112 | D:9      | Killed a two-headed ogre
 12113 | D:9      | Reached XP level 11. HP: 120/120 MP: 9/15
 12119 | D:9      | Killed a two-headed ogre
 12399 | D:10     | Entered Level 10 of the Dungeon
 12409 | D:10     | Found a staircase to the Lair.
 12417 | D:10     | Reached skill level 5 in Necromancy
 12452 | D:10     | Identified the amulet "Ygedoopp" {RegenMP Fly rPois Str-5}
 12544 | D:10     | Noticed a two-headed ogre
 12553 | D:10     | Killed a two-headed ogre
 13120 | D:10     | Reached skill level 12 in Fighting
 13756 | D:11     | Found a gate leading to a gauntlet.
 13760 | Gauntlet | Entered a Gauntlet
 13760 | Gauntlet | Found a transporter.
 14187 | Gauntlet | Found a transporter.
 14189 | Gauntlet | Found a transporter.
 14197 | Gauntlet | Found a runed translucent gate.
 14197 | Gauntlet | Found a runed translucent gate.
 14197 | Gauntlet | Found a runed translucent gate.
 14199 | Gauntlet | Noticed a large abomination
 14200 | Gauntlet | Found a transporter.
 14203 | Gauntlet | Found a transporter.
 14211 | Gauntlet | Noticed a reaper
 14217 | Gauntlet | Found a transporter.
 14224 | Gauntlet | Found a runed translucent door.
 14231 | Gauntlet | Found a transporter.
 14242 | Gauntlet | Found a transporter.
 14248 | Gauntlet | Noticed a blizzard demon
 14253 | Gauntlet | Found a transporter.
 14269 | Gauntlet | Found a transporter.
 14282 | Gauntlet | Found a transporter.
 14282 | Gauntlet | Found a transporter.
 14328 | Gauntlet | Found a transporter.
 14345 | Gauntlet | Found a transporter.
 14348 | Gauntlet | Noticed a seven-headed hydra
 14454 | Gauntlet | Reached skill level 10 in Unarmed Combat
 14456 | Gauntlet | Identified the amulet of Xitudd {Faith rC+ Will- Int+4
                  | Dex+2}
 14657 | Gauntlet | Paralysed by a hornet for 1 turns
 14662 | Gauntlet | Paralysed by a hornet for 2 turns
 15061 | Gauntlet | Killed a blizzard demon
 15079 | Gauntlet | Identified the +2 cloak "Kytulam" {Harm rC+}
 15132 | Gauntlet | Found the +7 Kryia's mail coat {PotionHeal*2 rC+}
 15132 | Gauntlet | Noticed a minotaur
 15139 | Gauntlet | Slain by a minotaur

Illustrated notes

Levels and vault maps discovered:
D:1:      wheals_arrival_linesprint, layout_basic,
          hellmonk_ecumenical_altar_heavens_door
D:2:      layout_basic, basic_altar, minmay_rat_gold_closets
D:3:      layout_loops_ring, cheibrodos_sewer_entry_drain,
          minmay_gold_behind_fungi, wad_floor_pattern_untrapped,
          hangedman_abyss_or_decor_lesser_grid
D:4:      layout_basic, minmay_temple_entry_gardened_gates,
          minmay_misc_feat_tiny, st_stairs_13, uniq_pikel
D:5:      layout_gridville
D:6:      layout_basic, zin_academy, uniq_grinder
D:7:      layout_basic, uniq_duvessa
D:8:      layout_layer_cave
D:9:      minmay_slanted_spiral_squares, layout_small_grid,
          kennysheep_generic_room_4
D:10:     layout_cave_pools, due_lair_maze_entry_diamond, minmay_liquid_box
D:11:     layout_stronghold, erik_orc_2, biasface_ghost_orc_armoury,
          gauntlet_entry_generic, nicolae_qazlal_scattered_showers, uniq_sonja,
          uniq_psyche, uniq_snorg
Temple:   regret_index_temple_sigil_plot
Gauntlet: minmay_gauntlet_77_tree [minmay_gauntlet_arena_77_tiled_triplets,
          minmay_gauntlet_arena_77_hold_the_fort,
          minmay_gauntlet_arena_77_run_for_it,
          minmay_gauntlet_arena_77_squiggly, minmay_gauntlet_arena_77_mirror,
          minmay_gauntlet_arena_77_broken_ladder, minmay_gauntlet_arena_77_path,
          gauntlet_exit_green]

Skill      XL: |  1  2  3  4  5  6  7  8  9 10 11 |
---------------+----------------------------------+-----
Transmutations | 2 4 5 6 |  6.0
Dodging        | 2 4 5 |  5.0
Fighting       | 2 4 5 6 7 8 10 11 12 | 12.5
Unarmed Combat | 3 4 5 6 7 9 10 | 10.0
Spellcasting   | 3 |  3.0
Necromancy     | 4 6 |  6.0
Evocations     | 1 4 |  4.7

Action                   |  1- 3 |  4- 6 |  7- 9 | 10-12 || total
-------------------------+-------+-------+-------+-------++-------
Melee: Unarmed           |   111 |   124 |   271 |   226 ||   732
       Kick              |    18 |    16 |     4 |       ||    38
       Punch             |     1 |     2 |       |     1 ||     4
       Headbutt          |     7 |     9 |     2 |       ||    18
 Cast: Beastly Appendage |    38 |    26 |     1 |       ||    65
       Wereblood         |     5 |    18 |    29 |    26 ||    78
       Spider Form       |       |     4 |    43 |    25 ||    72
       Animate Dead      |       |       |     6 |     7 ||    13
       Ice Form          |       |       |       |     5 ||     5
Evoke: Wand              |       |       |     2 |     1 ||     3
       Box of beasts     |       |       |       |     1 ||     1
  Use: Scroll            |       |     7 |    10 |     9 ||    26
       Potion            |       |     1 |     6 |     7 ||    14
 Stab: Distracted        |       |       |       |     2 ||     2
Armor: Robe              |    34 |    25 |       |     8 ||    67
       Troll leather arm |       |     9 |    12 |       ||    21
       Skin              |       |       |    12 |    42 ||    54
Dodge: Dodged            |    55 |    71 |   210 |   200 ||   536

Table legend: (Time is in decaauts)
 A = Elapsed time spent in this place.
 B = Non-inter-level travel time spent in this place.
 C = Inter-level travel time spent in this place.
 D = Time resting spent in this place.
 E = Time spent auto-exploring this place.
 F = Levels seen in this place.
 G = Mean time per level.
                   A        B        C        D        E       F      G
               +--------+--------+--------+--------+--------+-----+--------+
         Total |  15121 |  14841 |    280 |   1931 |  10782 |  14 | 1080.1 |
       Dungeon |  13072 |  12839 |    233 |    938 |  10047 |  11 | 1188.4 |
        Temple |    301 |    254 |     47 |      0 |    232 |   1 |  301.0 |
         Sewer |    362 |    362 |      0 |      4 |    280 |   1 |  362.0 |
      Gauntlet |   1385 |   1385 |      0 |    988 |    223 |   1 | 1385.0 |
               +--------+--------+--------+--------+--------+-----+--------+

Top non-repeatable levels by time:
     D:9: 1987 daAuts
     D:2: 1401 daAuts
Gauntlet: 1385 daAuts
     D:8: 1379 daAuts
     D:7: 1336 daAuts
     D:1: 1336 daAuts
     D:5: 1304 daAuts
    D:10: 1243 daAuts
     D:4: 1191 daAuts
     D:3: 950 daAuts
     D:6: 825 daAuts
   Sewer: 362 daAuts
  Temple: 301 daAuts
    D:11: 115 daAuts
